 Dungeon Crawl Stone Soup version 0.30-a0-591-g3c58d2bc28 (webtiles) character file.

Game seed: 15388657933994193937

133 DSscumlord the Cudgeller (level 4, 0/37 HPs)
             Began as a Demonspawn Wanderer on Jan 4, 2023.
             Slain by a howler monkey (3 damage)
             ... on level 4 of the Dungeon.
             The game lasted 00:02:54 (1498 turns).

DSscumlord the Cudgeller (Demonspawn Wanderer)      Turns: 1498, Time: 00:02:54

Health: 0/37       AC:  0    Str: 17    XL:     4   Next: 94%
Magic:  5/5        EV:  9    Int: 13    God:
Gold:   192        SH:  0    Dex: 10    Spells: 4/5 levels left

rFire   . . .      SeeInvis .    a - +2 mace
rCold   . . .      Faith    .    (no shield)
rNeg    . . .      Spirit   .    b - +0 scale mail
rPois   +          Reflect  .    (no helmet)
rElec   .          Harm     .    d - +2 cloak
rCorr   .          Rampage  .    (no gloves)
Will    .....                    (no boots) Stlth
                                 (no amulet)
HPRegen 0.26/turn                P - ring of poison resistance
MPRegen 0.09/turn                (no ring)

@: corroded
A: yellow scales 1, foul stench 1
a: no special abilities


You were on level 4 of the Dungeon.
You visited 1 branch of the dungeon, and saw 4 of its levels.

You collected 192 gold pieces.


Innate Abilities, Weirdness & Mutations

You are partially covered in yellow scales. (AC +2)
You may rarely emit foul miasma when damaged in melee.


   Skills:
 * Level 3.7 Fighting
 + Level 4.4 Maces & Flails
 - Level 1.0 Throwing
 - Level 1.7 Armour
 - Level 1.0 Spellcasting
 - Level 1.7 Translocations


You had 4 spell levels left.
You knew the following spells:

 Your Spells              Type           Power      Damage    Failure   Level
a - Apportation           Tloc           10%        N/A       43%         1

Your spell library contained the following spells:

 Spells                   Type           Power      Damage    Failure   Level
 Lesser Beckoning         Tloc           10%        N/A       80%         3

Inventory:

Hand Weapons
 a - a +2 mace (weapon)
Missiles
 e - 11 stones
Armour
 b - a +0 scale mail (worn)
 d - a +2 cloak (worn)
   (You found it on level 1 of the Dungeon)
Jewellery
 P - a ring of poison resistance (left hand)
   (You found it on level 1 of the Dungeon)
Scrolls
 f - a scroll of noise {unknown}
 g - 2 scrolls of torment {unknown}
 h - a scroll of enchant weapon {unknown}
 j - 2 scrolls of identify {unknown}
 k - a scroll of blinking {unknown}
 l - a scroll of teleportation {unknown}
 n - a scroll of fear {unknown}
Potions
 c - 4 potions of lignification {!q}
 i - 2 potions of brilliance {unknown}
 m - 2 potions of ambrosia {unknown}
 o - a potion of curing {unknown}
 p - a potion of flight {unknown}

Dungeon Overview and Level Annotations

Branches:
Dungeon (4/15) Zot: 22473
 Temple: D:4-7

Altars:
Kikubaaqudgha

########## #.........
#......... ##..#......
#..###.....
###.##?##....
#####...@hl# ....
#.....#.##.# #..########
#....#### .# #.........
#...## .. ##........
#....#### ####.........
#..<..#.##
##.#..######..
##+##....#
#....#..###### #......##
##............
#.......###.............


You could see a howler monkey (catching breath) and an iguana.


Message History

There is an open door here.
Things that are here:
a +0 trident; an orc corpse You start resting. 😎 HP[+13]
Your hp is fully restored (35).
p - a murky green potion Key pressed, stopping explore.
There is an open door here.
You open the door.
An endoplasm comes into view.
The endoplasm quivers.
There is an open door here.
The endoplasm barely misses you.
You barely miss the endoplasm. The endoplasm freezes you.
You are frozen. 😕 HP[-1]
You take 1 damage, and now have 34/35 hp.
You sock the endoplasm!
You kill the endoplasm!
c - 4 potions of lignification {!q} (gained 1)
Found a stone staircase leading down. 😎 HP[+1]
Your hp is fully restored (35).
You open the door.
There is an open door here.
There is an open door here.
An adder comes into view.
The adder hisses angrily.
You hit the adder. The adder misses you. The adder bites you. 😕 HP[-2]
You take 2 damage, and now have 33/35 hp.
You hit the adder. The adder bites you. 😕 HP[-2]
You take 2 damage, and now have 31/35 hp.
You hit the adder.
You kill the adder!
No target in view!
No target in view!
No target in view!
No target in view!
Found a stone staircase leading up. 😎 HP[+4]
Your hp is fully restored (35).
You open the door.
A jelly and a howler monkey come into view.
The jelly quivers.
The howler monkey howls!
The howler monkey hoots and howls with incredible vigour!
You hear an angry hiss.
You sock the jelly!
Your hands burn!
The jelly hits you but does no damage. 😕 HP[-1]
You take 1 damage, and now have 34/35 hp.
You hit the jelly. The acid corrodes you!
Your hands burn!
The jelly hits you but does no damage.
An iguana comes into view.
The jelly hits you but does no damage. 😕 HP[-1]
You take 1 damage, and now have 33/35 hp.
You hit the jelly but do no damage. The acid corrodes you!
Your hands burn!
The jelly hits you.
You are splashed with acid! 😮 HP[-12]
You take 12 damage, and now have 21/35 hp.
MASSIVE DAMAGE!! (PAUSE)
You barely miss the jelly. The jelly barely misses you.
You hit the jelly but do no damage. The acid corrodes you!
Your hands burn!
* * * LOW HITPOINT WARNING * * *
The jelly barely misses you. 😨 HP[-4]
You take 4 damage, and now have 17/35 hp.
Unknown command.
You hit the jelly but do no damage.
Your hands burn!
* * * LOW HITPOINT WARNING * * *
The jelly hits you.
* * * LOW HITPOINT WARNING * * *
You are splashed with acid!
* * * LOW HITPOINT WARNING * * *
😱 HP[-10]
You take 10 damage, and now have 7/35 hp.
MASSIVE DAMAGE!! (PAUSE)
You hit the jelly.
You kill the jelly!
The howler monkey barely misses you.
You now have 37 max hp (+2).
You barely miss the howler monkey. The howler monkey hits you.
* * * LOW HITPOINT WARNING * * *
😱 HP[-1]
You take 1 damage, and now have 6/37 hp.
You barely miss the howler monkey.
The howler monkey hoots and howls with incredible vigour!
The howler monkey closely misses you.
You closely miss the howler monkey. The howler monkey hits you.
* * * LOW HITPOINT WARNING * * *
😱 HP[-1]
You take 1 damage, and now have 5/37 hp.
You closely miss the howler monkey. The howler monkey hits you.
* * * LOW HITPOINT WARNING * * *
The howler monkey hits you.
You die...

Skill      XL: |  1  2  3 |
---------------+----------+-----
Fighting       | 1 2 3 |  3.7
Maces & Flails | 4 |  4.4
Throwing       | |  1.0
Armour         | |  1.7
Spellcasting   | |  1.0
Translocations | |  1.7

Action                   |  1- 3 |  4- 6 || total
-------------------------+-------+-------++-------
Melee: Mace              |   122 |    18 ||   140
       Punch             |     2 |       ||     2
 Cast: Apportation       |     1 |       ||     1
Armor: Scale mail        |    89 |     4 ||    93
Dodge: Dodged            |    86 |     7 ||    93

Levels and vault maps discovered:
D:1:      minmay_arrival_four_houses, layout_rooms, basic_ecumenical_altar
D:2:      layout_loops_ring, basic_altar
D:3:      layout_basic, serial_shops, nicolae_lakefront_shop
D:4:      layout_gridville, minmay_fractal_squares_gapless_5

Notes
Turn   | Place    | Note
-------+----------+-------------------------------------------
     0 | D:1      | DSscumlord the Demonspawn Wanderer began the quest for the
                  | Orb.
     0 | D:1      | DSscumlord set off with the following items: a +2 mace, a
                  | +0 scale mail, a potion of lignification {!q}; and the
                  | following spell memorised: Apportation; and the following
                  | spells available to memorise: Lesser Beckoning.
     0 | D:1      | Reached XP level 1. HP: 13/13 MP: 2/2
     0 | D:1      | magus.rc [v1.11.2]
   145 | D:1      | Reached skill level 1 in Fighting
   158 | D:1      | Gained mutation: You are partially covered in yellow
                  | scales. (AC +2) [demonic ancestry]
   158 | D:1      | Reached XP level 2. HP: 16/21 MP: 3/3
   546 | D:2      | Reached skill level 2 in Fighting
   656 | D:2      | Found an ancient bone altar of Kikubaaqudgha.
   701 | D:2      | Reached XP level 3. HP: 27/27 MP: 4/4
   861 | D:2      | Reached skill level 4 in Maces & Flails
  1281 | D:4      | Reached skill level 3 in Fighting
  1281 | D:4      | Gained mutation: You may rarely emit foul miasma when
                  | damaged in melee. [demonic ancestry]
  1281 | D:4      | Reached XP level 4. HP: 21/35 MP: 5/5
  1493 | D:4      | HP: 7/35 [acid (8)]
  1498 | D:4      | HP: 3/37 [howler monkey (3)]
  1498 | D:4      | Slain by a howler monkey

Vanquished Creatures
  A jelly (D:4)
  An orc wizard (D:4)
  3 adders
  A dart slug (D:2)
  4 orcs (D:4)
  2 ball pythons
  3 endoplasms
  A giant cockroach (D:1)
  4 hobgoblins
  4 jackals
  2 kobolds
  A quokka (D:1)
  7 bats
  3 frilled lizards
  2 goblins
  5 rats
44 creatures vanquished.

Table legend:
 A = Non-vault XP
 B = Vault XP
 C = Vault XP percentage of total XP
 D = Non-vault monster count
 E = Vault monster count
 F = Vault count percentage of total count
                 A         B        C        D         E       F
            +---------+---------+-------+---------+---------+-------
      Total |     146 |      45 |  23.6 |      43 |       1 |   2.3
            +---------+---------+-------+---------+---------+-------
        D:1 |      28 |       0 |   0.0 |      17 |       0 |   0.0
        D:2 |      38 |       0 |   0.0 |      16 |       0 |   0.0
        D:3 |       4 |       0 |   0.0 |       2 |       0 |   0.0
        D:4 |      76 |      45 |  37.2 |       8 |       1 |  11.1
            +---------+---------+-------+---------+---------+-------

Illustrated notes

Table legend:
 A = Kills in this place as a percentage of kills in entire the game.
 B = Kills by you in this place as a percentage of kills by you in the entire game.
 C = Kills by friends in this place as a percentage of kills by friends in the entire game.
 D = Other kills in this place as a percentage of other kills in the entire game.
 E = Experience gained in this place as a percentage of experience gained in the entire game.
 F = Experience gained in this place divided by the number of levels of this place that you have seen.
                   A       B       C       D       E      F
               +-------+-------+-------+-------+-------+----------------------
         Total | 100.0 | 100.0 |   N/A |   N/A | 100.0 |  47.8
       Dungeon | 100.0 | 100.0 |   N/A |   N/A | 100.0 |  47.8
               +-------+-------+-------+-------+-------+----------------------

Table legend: (Time is in decaauts)
 A = Elapsed time spent in this place.
 B = Non-inter-level travel time spent in this place.
 C = Inter-level travel time spent in this place.
 D = Time resting spent in this place.
 E = Time spent auto-exploring this place.
 F = Levels seen in this place.
 G = Mean time per level.
                   A        B        C        D        E       F      G
               +--------+--------+--------+--------+--------+-----+--------+
         Total |   1525 |   1427 |     98 |     54 |   1037 |   4 |  381.2 |
       Dungeon |   1525 |   1427 |     98 |     54 |   1037 |   4 |  381.2 |
               +--------+--------+--------+--------+--------+-----+--------+

Top non-repeatable levels by time:
     D:2: 700 daAuts
     D:1: 469 daAuts
     D:4: 278 daAuts
     D:3: 77 daAuts
